 Dungeon Crawl Stone Soup version 0.31-a0-231-g51bb95cda3 (webtiles) character file.

Game seed: 15296124761164952665

94 qw the Shooter (level 4, -3/26 HPs)
             Began as a Gargoyle Hexslinger on July 6, 2023.
             Slain by a worm (6 damage)
             ... on level 2 of the Dungeon.
             The game lasted 00:00:45 (1485 turns).

qw the Shooter (Gargoyle Hexslinger)                Turns: 1485, Time: 00:00:46

Health: -3/26      AC:  8    Str: 11    XL:     4   Next: 63%
Magic:  5/5        EV: 10    Int: 14    God:
Gold:   96         SH:  0    Dex: 14    Spells: 4/5 levels left

rFire   . . .        Y - +1 sling
rCold   . . .        (no shield)
rNeg    + . .        d - +0 ring mail
rPois   inf          (no helmet)
rElec   +            (no cloak)
rCorr   .            (no gloves)
SInv    .            (no boots)
Will    .....        (no amulet)
Stlth   +            (no ring)
HPRegen 0.24/turn    (no ring)
MPRegen 0.09/turn

%: no passive effects
@: no status effects
A: sickness immunity, AC +3, negative energy resistance 1, electricity
resistance, torment resistance 1, petrification resistance
a: no special abilities


You were on level 2 of the Dungeon.
You visited 1 branch of the dungeon, and saw 2 of its levels.

You collected 96 gold pieces.


Innate Abilities, Weirdness & Mutations

You are immune to sickness and miasma.
Your stone body is resilient. (AC +3)
You are immune to poison.
You resist negative energy. (rN+)
You are resistant to electric shocks. (rElec)
You are resistant to unholy torment.
You are immune to petrification.


   Skills:
 - Level 2.0 Fighting
 + Level 4.1 Ranged Weapons
 - Level 1.1 Armour
 - Level 1.5 Dodging
 - Level 1.0 Spellcasting
 - Level 2.6 Hexes


You had 4 spell levels left.
You knew the following spells:

 Your Spells              Type           Power      Damage    Failure   Level
a - Slow                  Hex            32%        N/A       21%         1

Your spell library contained the following spells:

 Spells                   Type           Power      Damage    Failure   Level
 Inner Flame              Hex/Fire       4%         N/A       71%         3
 Portal Projectile        Hex/Tloc       8%         N/A       71%         3
 Cause Fear               Hex            4%         N/A       90%         4

Inventory:

Hand Weapons
 Y - a +1 sling (weapon)
Armour
 d - a +0 ring mail (worn)
Scrolls
 b - a scroll of fear {unknown}
 g - 2 scrolls of identify
Potions
 a - a potion of heal wounds {unknown}
 f - a potion of enlightenment
 h - a potion of might {unknown}
 i - a potion of lignification {unknown}

Dungeon Overview and Level Annotations

Branches:
Dungeon (2/15)

Altars:


Message History

You kill the kobold!
The hobgoblin barely misses you. The hobgoblin misses you.
You shoot a sling bullet. The sling bullet hits the worm!
The worm is heavily wounded.
The hobgoblin hits you but does no damage.
The worm bites you.
You shoot a sling bullet.
The sling bullet hits the worm but does no damage.
The worm is moderately wounded.
The hobgoblin barely misses you.
You shoot a sling bullet.
The sling bullet barely misses the worm.
The sling bullet barely misses the ball python.
The hobgoblin hits you but does no damage.
The worm closely misses you. The hobgoblin hits you.
You shoot a sling bullet.
The sling bullet barely misses the worm.
The sling bullet closely misses the ball python.
The hobgoblin hits you but does no damage.
The worm bites you.
You shoot a sling bullet.
The sling bullet completely misses the worm.
The sling bullet barely misses the ball python.
The hobgoblin hits you. The worm bites you but does no damage.
You shoot a sling bullet. The sling bullet hits the worm.
The worm is moderately wounded.
The hobgoblin barely misses you. The hobgoblin hits you.
You shoot a sling bullet. The sling bullet hits the worm.
The worm is heavily wounded.
The worm bites you. The hobgoblin closely misses you.
You shoot a sling bullet.
The sling bullet barely misses the worm.
The sling bullet hits the ball python!
You kill the ball python!
The hobgoblin hits you but does no damage.
The worm bites you but does no damage.
You shoot a sling bullet.
The sling bullet barely misses the worm.
The hobgoblin closely misses you. The worm bites you.
You die...

.###.### ####....#.........). .#
... ####.#....../.... .# ...
###...#.........%. .# ..
##.....#........... ..
#.(....#.#.....#... .. ##..###.#
#..####.## . #...# #.###..# #.##
....#.g.##..##...# #...
.....%w@....#..#.#######
###################......#
#....###.# ##.....#
####....##..##########......#
........#...................#####
###.##....#........####..........
#....#.##.<......# ##.....#####
#..###.##.[......###......#
##.###....................#


You could see a worm and a hobgoblin.

Vanquished Creatures
  A gnoll (D:1)
  3 adders (D:2)
  2 dart slugs
  8 ball pythons
  5 bats (D:1)
  2 endoplasms (D:2)
  3 giant cockroaches
  3 goblins
  5 hobgoblins
  8 kobolds
  3 quokkas
  3 frilled lizards
  7 rats
53 creatures vanquished.

Notes
Turn   | Place    | Note
-------+----------+-------------------------------------------
     0 | D:1      | qw the Gargoyle Hexslinger began the quest for the Orb.
     0 | D:1      | Reached XP level 1. HP: 12/12 MP: 2/2
     0 | D:1      | 0 ||| qw: Version: 0.3-a-46-gb1f654a
     0 | D:1      | 0 ||| qw: Game counter: 1834
     0 | D:1      | 0 ||| qw: Melee chars always use a shield: true
     0 | D:1      | 0 ||| qw: God list: Okawaru
     0 | D:1      | 0 ||| qw: Allow faded altars: false
     0 | D:1      | 0 ||| qw: Do Orc after clearing Dungeon:15 true
     0 | D:1      | 0 ||| qw: Do second Lair branch before Depths: true
     0 | D:1      | 0 ||| qw: Lair rune preference: random
     0 | D:1      | 0 ||| qw: Goals: Normal
     0 | D:1      | 0 ||| PLANNING D:1-11
   100 | D:1      | Reached XP level 2. HP: 16/16 MP: 3/3
   299 | D:1      | Reached skill level 3 in Ranged Weapons
   396 | D:1      | Reached XP level 3. HP: 19/21 MP: 4/4
   842 | D:1      | 842 ||| UPGRADING to +0 ring mail.
   852 | D:1      | 852 ||| DROPPING +0 robe.
   853 | D:1      | 853 ||| READING scroll labelled MEMAWN JEDDI.
   854 | D:1      | 854 ||| READING 2 scrolls labelled QOUSKIUPIO.
   855 | D:1      | 855 ||| DRINKING 2 purple potions.
   856 | D:1      | 856 ||| DROPPING scroll of poison.
   961 | D:2      | Found a faded altar of an unknown god.
  1101 | D:2      | Reached XP level 4. HP: 26/26 MP: 5/5
  1213 | D:2      | Reached skill level 4 in Ranged Weapons
  1407 | D:2      | Reached skill level 1 in Armour
  1483 | D:2      | HP: 3/26 [worm (6)]
  1485 | D:2      | Slain by a worm

Levels and vault maps discovered:
D:1:      mushboom_english_gardens, layout_loops_corners
D:2:      minmay_recursive_quarters, layout_rooms,
          shapermc_ecumenical_altar_rom_forum, minmay_domino_4

Skill      XL: |  1  2  3  4 |
---------------+-------------+-----
Ranged Weapons | 3 4 |  4.1
Fighting       | 2 |  2.0
Armour         | 1 |  1.1
Dodging        | |  1.5
Spellcasting   | |  1.0
Hexes          | |  2.6

Action                     |  1- 3 |  4- 6 || total
---------------------------+-------+-------++-------
   Fire: Sling             |   120 |    88 ||   208
    Use: Scroll            |     2 |       ||     2
         Potion            |     1 |       ||     1
 Armour: Robe              |    10 |       ||    10
         Ring mail         |    17 |    24 ||    41
  Dodge: Dodged            |    50 |    43 ||    93

Table legend:
 A = Non-vault XP
 B = Vault XP
 C = Vault XP percentage of total XP
 D = Non-vault monster count
 E = Vault monster count
 F = Vault count percentage of total count
                 A         B        C        D         E       F
            +---------+---------+-------+---------+---------+-------
      Total |      95 |      40 |  29.6 |      41 |      12 |  22.6
            +---------+---------+-------+---------+---------+-------
        D:1 |      53 |       0 |   0.0 |      24 |       0 |   0.0
        D:2 |      42 |      40 |  48.8 |      17 |      12 |  41.4
            +---------+---------+-------+---------+---------+-------
